 Dungeon Crawl Stone Soup version 0.27-a0-773-gaaee5cf45b (webtiles) character file.

Game seed: 9404713927217638490

98 robertstho the Magician (level 4, -2/32 HPs)
             Began as a Djinni Fire Elementalist on Mar 25, 2021.
             Slain by Grinder (3 damage)
             ... on level 3 of the Dungeon.
             The game lasted 00:02:42 (2503 turns).

robertstho the Magician (Djinni Fire Elementalist)  Turns: 2503, Time: 00:02:43

Health: -2/32      AC:  2    Str:  7    XL:     4   Next: 69%
Gold:   78         EV: 12    Int: 17    God:
                   SH:  0    Dex: 14

rFire    + + .     SeeInvis .   g - +0 hand axe
rCold    x . .     Faith    .   (no shield)
rNeg     . . .     Spirit   .   a - +0 robe
rPois    ∞         Reflect  .   (no helmet)
rElec    .         Harm     .   (no cloak)
rCorr    .         Rampage  .   (no gloves)
Will     .....     Clarity  +   (boots unavailable)
Stlth    +++.......             (no amulet)
HPRegen  0.10/turn              (no ring)
MPRegen  0.00/turn              (no ring)

@: flying, very slightly contaminated
A: fire resistance 2, cold vulnerability 1, float, innate caster, hp casting,
extra vitality 1, camouflage 1, clarity
a: no special abilities


You were on level 3 of the Dungeon.
You visited 1 branch of the dungeon, and saw 3 of its levels.

You collected 78 gold pieces.

Inventory:

Hand Weapons
 g - a +0 hand axe (weapon)
Armour
 a - a +0 robe (worn)
Jewellery
 j - a ring of wizardry
Scrolls
 h - a scroll of magic mapping {unknown}
 i - a scroll of identify {unknown}
 k - a scroll of silence {unknown}
 l - a scroll of blinking {unknown}
 m - a scroll of vulnerability {unknown}
 n - a scroll of enchant weapon {unknown}
Potions
 b - a potion of attraction {unknown}
 c - a potion of curing {unknown}
 e - a potion of haste {unknown}


   Skills:
 * Level 1.4 Fighting
 + Level 2.2 Dodging
 - Level 1.5 Stealth
 * Level 4.2 Spellcasting


You couldn't memorise any spells.
You knew the following spells:

 Your Spells              Type           Power      Damage    Failure   Level
a - Foxfire               Conj/Fire      72%        2x1d7     2%          1
b - Conjure Flame         Conj/Fire      18%        6-21      9%          3
c - Inner Flame           Hex/Fire       18%        N/A       9%          3
d - Sticky Flame          Conj/Fire      18%        2d4       26%         4
e - Fireball              Conj/Fire      9%         3d6       58%         5
f - Animate Skeleton      Necr           36%        N/A       2%          1
Your spell library was empty.

Dungeon Overview and Level Annotations

Branches:
Dungeon (3/15)

Altars:

Annotations:
D:3 Grinder


Innate Abilities, Weirdness & Mutations

You are immune to poison.
Your flesh is very heat resistant. (rF++)
You are vulnerable to cold. (rC-)
You float through the air rather than walking.
You learn spells naturally, not from books.
Your magical power is your life essence.
You have superior vitality. (+4 HP)
Your skin changes colour to match your surroundings (Stealth+).
You possess an exceptional clarity of mind.


Message History

The foxfire hits Grinder but does no damage.
Grinder is lightly wounded.
Casting: Foxfire (safe; 2% risk of failure)
Confirm with . or Enter, or press ? or * to list all spells.
You conjure some foxfire!
Grinder blinks!
The foxfire hits Grinder.
Grinder is moderately wounded.
The foxfire hits Grinder but does no damage.
Grinder is moderately wounded.
Grinder says, "Make like a tree!"
Casting: Foxfire (safe; 2% risk of failure)
Confirm with . or Enter, or press ? or * to list all spells.
The spell is extremely dangerous to cast (26% risk of failure)!
Continue anyway?
Aiming: Sticky Flame (extremely dangerous; 26% risk of failure)
Press: ? - help, Shift-Dir - straight line, f - Grinder
Aim: Grinder (moderately wounded, 0% to evade)
You miscast Sticky Flame.
You are very lightly contaminated with residual magic.
You feel uncomfortably hot. You resist.
An orc comes into view. It is wielding a +0 flail.
Grinder hits you.
You writhe in agony.
As you read the scroll labelled KIFOSS KANI, it crumbles to dust.
The creatures around you are filled with an inner flame!
It was a scroll of immolation.
The orc shouts!
Grinder says, "Don't move a muscle."
Grinder hits you.
* * * LOW HITPOINT WARNING * * *
You writhe in agony.
* * * LOW HITPOINT WARNING * * *
It was a potion of mutation.
You feel extremely strange.
Your thoughts seem clearer.
Your skin functions as natural camouflage.
Grinder blinks!
It was a potion of flight.
You feel more buoyant. Grinder hits you.
* * * LOW HITPOINT WARNING * * *
You writhe in agony.
You die...

#..#. #..#.
.... #).#
##.####o.#
.......).##
#<..#
.######.#.#
......5@..#
#######.###
#.# #.# #..
###


You could see Grinder (inner flame) and an orc (inner flame).

Vanquished Creatures
  Jessica (D:2)
  2 adders (D:2)
  A dart slug (D:1)
  2 orcs (D:3)
  4 bats
  5 endoplasms
  2 giant cockroaches
  7 goblins
  5 hobgoblins
  6 quokkas
  2 ball pythons (D:1)
  A frilled lizard (D:1)
  2 kobolds (D:1)
  6 rats
46 creatures vanquished.

Vanquished Creatures (others)
  156 foxfires
  5 toadstools (D:1)
161 creatures vanquished.

Grand Total: 207 creatures vanquished

Notes
Turn   | Place    | Note
-------+----------+-------------------------------------------
     0 | D:1      | robertstho the Djinni Fire Elementalist began the quest for
                  | the Orb.
     0 | D:1      | Reached XP level 1. HP: 15/15 MP: 0/0
   438 | D:1      | Reached skill level 3 in Spellcasting
   438 | D:1      | Reached XP level 2. HP: 19/22 MP: 0/0
   932 | D:1      | Reached XP level 3. HP: 23/26 MP: 0/0
   932 | D:1      | Learned a level 1 spell: Animate Skeleton
  1363 | D:2      | Reached skill level 1 in Fighting
  1713 | D:2      | Noticed Jessica
  1717 | D:2      | Killed Jessica
  1718 | D:2      | Reached skill level 4 in Spellcasting
  1718 | D:2      | Reached XP level 4. HP: 30/32 MP: 0/0
  2480 | D:3      | Noticed Grinder
  2502 | D:3      | Gained mutation: You possess an exceptional clarity of
                  | mind. [potion of mutation]
  2502 | D:3      | Gained mutation: Your skin changes colour to match your
                  | surroundings (Stealth+). [potion of mutation]
  2503 | D:3      | HP: 1/32 [Grinder (5)]
  2503 | D:3      | Slain by Grinder

Illustrated notes

Levels and vault maps discovered:
D:1:      ldierk_walled_garden, layout_loops_ring
D:2:      layout_loops_ring, uniq_jessica
D:3:      layout_basic, uniq_sigmund, uniq_grinder, uniq_crazy_yiuf_cottage

Skill      XL: |  1  2  3 |
---------------+----------+-----
Spellcasting   | 3 4 |  4.2
Fighting       | 1 |  1.4
Dodging        | |  2.2
Stealth        | |  1.5

Action                   |  1- 3 |  4- 6 || total
-------------------------+-------+-------++-------
 Cast: Foxfire           |    69 |    32 ||   101
  Use: Potion            |       |     2 ||     2
       Scroll            |       |     1 ||     1
Armor: Robe              |     2 |       ||     2
Dodge: Dodged            |     7 |     5 ||    12

Table legend: (Time is in decaauts)
 A = Elapsed time spent in this place.
 B = Non-inter-level travel time spent in this place.
 C = Inter-level travel time spent in this place.
 D = Time resting spent in this place.
 E = Time spent auto-exploring this place.
 F = Levels seen in this place.
 G = Mean time per level.
                   A        B        C        D        E       F      G
               +--------+--------+--------+--------+--------+-----+--------+
         Total |   2501 |   2452 |     49 |      0 |   2150 |   3 |  833.7 |
       Dungeon |   2501 |   2452 |     49 |      0 |   2150 |   3 |  833.7 |
               +--------+--------+--------+--------+--------+-----+--------+

Top non-repeatable levels by time:
     D:1: 1325 daAuts
     D:2: 1153 daAuts
     D:3: 22 daAuts
